 Dungeon Crawl Stone Soup version 0.19-a0-1225-gf887c1c (webtiles) character file.

70 Arkorax the Skirmisher (level 4, -2/40 HPs)
             Began as a Draconian Fighter on Aug 25, 2016.
             Slain by Sigmund
             ... wielding a +0 scythe
              (11 damage)
             ... on level 2 of the Dungeon.
             The game lasted 00:01:59 (1365 turns).

Arkorax the Skirmisher (Draconian Fighter)          Turns: 1365, Time: 00:01:59

Health: -2/40      AC:  5    Str: 24    XL:     4   Next: 3%
Magic:  4/4        EV: 10    Int: 12    God:
Gold:   31         SH:  9    Dex: 11    Spells: 0 memorised, 3 levels left

rFire  . . .     SeeInvis .     a - +0 war axe
rCold  . . .     Gourm    .     (armour unavailable)
rNeg   . . .     Faith    .     b - +0 shield
rPois  .         Spirit   .     (helmet restricted)
rElec  .         Dismiss  .     (no cloak)
rCorr  .         Reflect  .     (no gloves)
MR     .....     Harm     .     (no boots)
Stlth  ++........               (no amulet)
                                h - +4 ring of intelligence
                                i - ring of stealth

@: mighty
A: unfitting armour, cold-blooded, AC +5
a: no special abilities


You were on level 2 of the Dungeon.
You were hungry.

You visited 1 branch of the dungeon, and saw 2 of its levels.

You collected 31 gold pieces.

Inventory:

Hand Weapons
 a - a +0 war axe (weapon)
 r - a +3 club
Armour
 b - a +0 shield (worn)
Jewellery
 f - an uncursed ring of magical power
 h - a +4 ring of intelligence (right hand)
 i - a ring of stealth (left hand)
Wands
 s - a wand of paralysis (0/24)
Scrolls
 j - a scroll of recharging {unknown}
 k - a scroll of enchant armour {unknown}
 m - a scroll of noise {unknown}
 n - 2 scrolls of immolation {unknown}
 o - a scroll of identify {unknown}
Potions
 q - a potion of lignification {unknown}
Comestibles
 d - 2 bread rations {!e}
 g - a slice of pizza
 l - a beef jerky


   Skills:
 + Level 4.0 Fighting
 + Level 2.4 Axes
 + Level 3.2 Dodging
 + Level 3.6 Shields


You had 3 spell levels left.
You didn't know any spells.

Dungeon Overview and Level Annotations

Branches:
Dungeon (2/15)

Altars:

Annotations:
D:2 Sigmund


Innate Abilities, Weirdness & Mutations

Your plain brown scales are hard. (AC +5)
Your body does not fit into most forms of armour.
You are cold-blooded and may be slowed by cold attacks.


Message History

a - a +0 war axe (weapon)
You are feeling hungry.
A kobold and Sigmund come into view.
Found a scroll labeled GOIGA UPNEOS.
There are monsters nearby!
Sigmund shouts!
The kobold shouts!
You hear a shout!
You block Sigmund's attack.
There are monsters nearby!
A hobgoblin comes into view.
The kobold throws a stone.
The stone misses you.
You barely miss Sigmund.
Sigmund mumbles some strange words.
Sigmund flickers and vanishes!
Deactivating autopickup; reactivate with Ctrl-A.
The kobold throws a stone.
You block the stone. Something hits you!
Damage: 10 (max 10)
The kobold throws a stone.
You block the stone.
You see here a stone.
Unknown command.
The kobold closely misses you. Something hits you!
* * * LOW HITPOINT WARNING * * *
Damage: 11 (max 11)
You miss the kobold. You tail-slap the kobold.
You kill the kobold!
You have reached level 4!
You feel stronger.
You barely miss something. Something hits you but does no damage.
You slash the hobgoblin!
You kill the hobgoblin!
You barely miss something. Something hits you but does no damage.
Unknown command.
Unknown command.
It was a potion of curing.
You feel better. You block something's attack.
Really quaff
c - a potion of might {!q}? [Y]es or [N]o only, please.
Really quaff
c - a potion of might {!q}?
You feel very mighty all of a sudden.
Unknown command.
Unknown command.
You miss something. You tail-slap something! Something hits you!
* * * LOW HITPOINT WARNING * * *
Damage: 13 (max 13)
You miss something.
Your tail-slap misses something.
Something hits you!
* * * LOW HITPOINT WARNING * * *
Damage: 7 (max 13)
You closely miss something. Something hits you.
* * * LOW HITPOINT WARNING * * *
Damage: 3 (max 13)
You feel better. Something hits you!
You die...

##########.#.#.#.#
........#.#.#.#
............#.#
#########.###.#
............#
.######.#####
...........#
.###.#..##.########
.....(!..((@)......
.##.######{########
# ...?. #.#.#.#
#.#.#... . #.. ...
.. ... #### ## ###


There were no monsters in sight!

Vanquished Creatures
  Ijyb (D:2)
  An ooze (D:1)
  2 worms (D:2)
  A dart slug (D:1)
  2 giant geckos
  3 giant cockroaches (D:1)
  6 goblins (D:1)
  4 hobgoblins
  2 bats (D:1)
  6 kobolds
  2 rats (D:1)
30 creatures vanquished.

Notes
Turn   | Place    | Note
-------+----------+-------------------------------------------
     0 | D:1      | Arkorax the Draconian Fighter began the quest for the Orb.
     0 | D:1      | Reached XP level 1. HP: 19/19 MP: 1/1
    43 | D:1      | Reached XP level 2. HP: 18/26 MP: 2/2
   457 | D:1      | Reached skill level 3 in Dodging
   751 | D:1      | Reached XP level 3. HP: 28/31 MP: 3/3
  1146 | D:2      | Noticed Ijyb
  1153 | D:2      | Paralysed by Ijyb for 7 turns
  1174 | D:2      | Killed Ijyb
  1174 | D:2      | Reached skill level 4 in Fighting
  1352 | D:2      | Noticed Sigmund
  1358 | D:2      | Reached XP level 4. HP: 15/40 MP: 4/4
  1362 | D:2      | HP: 12/40 [something (14)]
  1363 | D:2      | HP: 5/40 [something (7)]
  1364 | D:2      | HP: 2/40 [something (3)]
  1365 | D:2      | Slain by Sigmund

Vault maps used:
D:1:      nicolae_arrival_memento_mori
D:2:      first_bread, uniq_natasha, uniq_sigmund, uniq_iyjb

Skill      XL: |  1  2  3 |
---------------+----------+-----
Dodging        | 3 |  3.2
Fighting       | 4 |  4.0
Axes           | |  2.4
Shields        | |  3.6

Action                   |  1- 3 |  4- 6 || total
-------------------------+-------+-------++-------
Melee: War axe           |    86 |     4 ||    90
       Tailslap          |     9 |     1 ||    10
  Use: Potion            |       |     3 ||     3
 Stab: Sleeping          |     1 |       ||     1
  Eat: Chunk             |     1 |       ||     1
Armor: Skin              |    43 |     1 ||    44
Dodge: Dodged            |    44 |       ||    44
Block: Shield            |    46 |     1 ||    47

Table legend:
 A = Turns spent in this place as a percentage of turns spent in the entire game.
 B = Non-inter-level travel turns spent in this place as a percentage of non-inter-level travel turns spent in the entire game.
 C = Inter-level travel turns spent in this place as a percentage of turns spent in this place.
 D = Turns resting spent in this place as a percentage of non-inter-level travel turns spent in this place.
 E = Turns spent auto-exploring this place as a percentage of non-inter-level travel turns spent in this place.
 F = Non-inter-level travel turns spent in this place divided by the number of levels of this place that you've seen.
                   A       B       C       D       E      F
               +-------+-------+-------+-------+-------+----------------------
         Total | 100.0 | 100.0 |   0.3 |   2.5 |  12.6 | 198.0
       Dungeon | 100.0 | 100.0 |   0.3 |   2.5 |  12.6 | 198.0
               +-------+-------+-------+-------+-------+----------------------

Vault maps used:
D:1:      nicolae_arrival_memento_mori
D:2:      first_bread, uniq_natasha, uniq_sigmund, uniq_iyjb
